 Dungeon Crawl Stone Soup version 0.27-a0-562-g0d39f094a4 (webtiles) character file.

Game seed: 4855628953434578592

32 bilbop the Vandal (level 3, -1/24 HPs)
             Began as a Halfling Hunter on Mar 9, 2021.
             Slain by a rat (3 damage)
             ... on level 2 of the Dungeon.
             The game lasted 00:24:04 (1645 turns).

bilbop the Vandal (Halfling Hunter)                 Turns: 1645, Time: 00:24:05

Health: -1/24      AC:  4    Str: 13    XL:     3   Next: 42%
Magic:  3/3        EV: 14    Int:  9    God:
Gold:   49         SH:  0    Dex: 15    Spells: 2/2 levels left

rFire    . . .     SeeInvis .   a - +1 hunting sling
rCold    . . .     Faith    .   (shield restricted)
rNeg     . . .     Spirit   .   c - +0 leather armour
rPois    .         Reflect  .   (no helmet)
rElec    .         Harm     .   (no cloak)
rCorr    .         Rampage  .   j - +0 pair of gloves
Will     .....                  (no boots)
Stlth    ++........             (no amulet)
HPRegen  0.08/turn              (no ring)
MPRegen  0.08/turn              (no ring)

@: no status effects
A: small, mutation resistance 1
a: no special abilities


You were on level 2 of the Dungeon.
You visited 1 branch of the dungeon, and saw 2 of its levels.

You collected 49 gold pieces.

Inventory:

Hand Weapons
 a - a +1 hunting sling (weapon)
 b - a +0 short sword
Missiles
 d - 13 sling bullets (quivered ammo)
 e - 51 stones
Armour
 c - a +0 leather armour (worn)
 j - a +0 pair of gloves (worn)
Scrolls
 f - a scroll of blinking {unknown}
 g - a scroll of fog {unknown}
 i - a scroll of teleportation {unknown}
 k - a scroll of identify {unknown}
Potions
 h - a potion of attraction {unknown}
 l - a potion of might {unknown}


   Skills:
 + Level 1.9 Fighting
 + Level 0.3 Short Blades
 + Level 6.8 Slings
 + Level 0.8 Armour
 + Level 2.3 Dodging
 + Level 1.2 Stealth


You had 2 spell levels left.
You didn't know any spells.
Your spell library was empty.

Dungeon Overview and Level Annotations

Branches:
Dungeon (2/15)

Altars:


Innate Abilities, Weirdness & Mutations

You are small and have problems with some larger weapons.
You are somewhat resistant to further mutation.


Message History

The rat closely misses you. The rat barely misses you. The rat misses you.
The rat bites you but does no damage. The rat bites you but does no damage.
The rat bites you.
* * * LOW HITPOINT WARNING * * *
The rat bites you but does no damage. The rat closely misses you.
The rat closely misses you. The rat barely misses you. The rat bites you.
* * * LOW HITPOINT WARNING * * *
The rat bites you.
* * * LOW HITPOINT WARNING * * *
The rat bites you but does no damage. The rat barely misses you.
The rat barely misses you. The rat closely misses you.
The rat closely misses you. The rat misses you.
The rat bites you but does no damage. The rat bites you but does no damage.
The rat barely misses you. The rat closely misses you.
The rat closely misses you. The rat closely misses you.
The rat closely misses you. The rat closely misses you. The rat misses you.
The rat misses you. The rat barely misses you. The rat bites you.
* * * LOW HITPOINT WARNING * * *
The rat bites you but does no damage. The rat barely misses you.
The rat closely misses you. The rat bites you but does no damage.
The rat bites you.
You die...

....####....#
..........#.# #..#
....#####.#.# ....
......>...#####.?#
.#.#####....# ....
.#.# #.######..##
.#.# #....##..?.
.#.# #.######..###
.#.# ### #..@.⌠#
##.# #8.r8## #.#
##..## #.# ##.##
#.# #..#
#.###########.##
#.##..........#
#.##.....######
#.##.....#


You could see a rat.

Vanquished Creatures
  A worm (D:2)
  A leopard gecko (D:1)
  2 giant cockroaches (D:1)
  4 goblins
  7 hobgoblins
  3 jackals (D:1)
  A quokka (D:2)
  2 bats
  A frilled lizard (D:1)
22 creatures vanquished.

Vanquished Creatures (others)
  A plant (D:1)
1 creature vanquished.

Grand Total: 23 creatures vanquished

Notes
Turn   | Place    | Note
-------+----------+-------------------------------------------
     0 | D:1      | bilbop the Halfling Hunter began the quest for the Orb.
     0 | D:1      | Reached XP level 1. HP: 14/14 MP: 1/1
    31 | D:1      | Reached skill level 6 in Slings
   109 | D:1      | Reached XP level 2. HP: 12/19 MP: 2/2
   489 | D:1      | Reached XP level 3. HP: 24/24 MP: 3/3
  1640 | D:2      | HP: 1/24 [rat (2)]
  1645 | D:2      | Slain by a rat

Illustrated notes

Levels and vault maps discovered:
D:1:      minmay_arrival_shoal_huts, layout_rooms, serial_bayou_lake_a
D:2:      layout_basic, minitemple, kennysheep_potato

Skill      XL: |  1 |
---------------+----+-----
Slings         | 6 |  6.8
Fighting       | |  1.9
Short Blades   | |  0.3
Armour         | |  0.8
Dodging        | |  2.3
Stealth        | |  1.2

Action                   || total
-------------------------++-------
Melee: Short sword       ||    29
 Fire: Hunting sling     ||    53
Armor: Leather armour    ||    34
Dodge: Dodged            ||   111

Table legend: (Time is in decaauts)
 A = Elapsed time spent in this place.
 B = Non-inter-level travel time spent in this place.
 C = Inter-level travel time spent in this place.
 D = Time resting spent in this place.
 E = Time spent auto-exploring this place.
 F = Levels seen in this place.
 G = Mean time per level.
                   A        B        C        D        E       F      G
               +--------+--------+--------+--------+--------+-----+--------+
         Total |   1671 |   1145 |    526 |      0 |      0 |   2 |  835.5 |
       Dungeon |   1671 |   1145 |    526 |      0 |      0 |   2 |  835.5 |
               +--------+--------+--------+--------+--------+-----+--------+

Top non-repeatable levels by time:
     D:2: 884 daAuts
     D:1: 787 daAuts
